 Dungeon Crawl Stone Soup version 0.21.1-1-g345015f (webtiles) character file.

137 kae the Insei (level 5, 0/42 HPs)
             Began as a Demonspawn Monk on Apr 21, 2018.
             Killed from afar by an orc wizard (10 damage)
             ... with a magic dart
             ... on level 3 of the Dungeon.
             The game lasted 00:03:54 (3435 turns).

kae the Insei (Demonspawn Monk)                     Turns: 3435, Time: 00:03:55

Health: 0/42       AC:  5    Str: 12    XL:     5   Next: 0%
Magic:  5/5        EV: 14    Int: 11    God:
Gold:   72         SH:  0    Dex: 16    Spells: 4/4 levels left

rFire    . . .     SeeInvis .   h - +0 whip
rCold    . . .     Gourm    .   (no shield)
rNeg     . . .     Faith    .   k - +0 animal skin
rPois    .         Spirit   .   l - +0 helmet
rElec    .         Reflect  .   (no cloak)
rCorr    .         Harm     .   (no gloves)
MR       .....                  (no boots)
Stlth    ++........             (no amulet)
HPRegen  0.14/turn              f - +1 ring of evasion
MPRegen  0.09/turn              (no ring)

@: no status effects
A: talons 1, slimy green scales 1, rot immunity
a: no special abilities


You were on level 3 of the Dungeon.
You were not hungry.

You visited 1 branch of the dungeon, and saw 3 of its levels.

You collected 72 gold pieces.

Inventory:

Hand Weapons
 h - a +0 whip (weapon)
Armour
 a - a +0 robe
 k - a +0 animal skin (worn)
 l - a +0 helmet (worn)
Jewellery
 f - a +1 ring of evasion (left hand)
Wands
 g - a wand of acid (15)
Scrolls
 e - 2 scrolls of teleportation
Potions
 c - 2 potions of curing
 i - a potion of resistance
Comestibles
 b - 6 rations


   Skills:
 + Level 4.1 Fighting
 - Level 2.6 Dodging
 - Level 1.7 Stealth
 * Level 4.5 Unarmed Combat


You had 4 spell levels left.
You didn't know any spells.

Dungeon Overview and Level Annotations

Branches:
Dungeon (3/15)

Altars:
Dithmenos
Fedhas

Annotations:
D:2 1 runed door


Innate Abilities, Weirdness & Mutations

You have sharp toenails.
You are partially covered in slimy green scales. (AC +2)
You are immune to rotting.


Message History

The magic dart hits you!
The orc wizard gestures at you while chanting.
The magic dart hits you!
You hit the orc wizard but do no damage.
The orc wizard is lightly wounded.
The orc wizard closely misses you.
You closely miss the orc wizard.
The orc wizard is lightly wounded.
The orc wizard hits you but does no damage.
The orc wizard hits you with a dagger.
* * * LOW HITPOINT WARNING * * *
You hit the orc wizard but do no damage.
The orc wizard is lightly wounded.
The orc wizard hits you but does no damage.
You barely miss the orc wizard. Your kick misses the orc wizard.
The orc wizard is lightly wounded.
The orc wizard hits you but does no damage.
The orc wizard points at you and mumbles some strange words.
The magic dart hits you!
You die...

#.#§#§#§#§..........#
#.##
#..§§§§§§.#####.###.#
#.#. ###§#.#§#.# #..
#)# #.#. ##§§§#..#
..##.# #.#. ##.#§..#
..##.####.#. #..######
#####......#.
##.###..###..##......##
#.##o##.##.####.....#
#.w)#@##.##.#_#.....#
#..###.##.##.##.....#
##..##..###..##.####.#
#....#### ####..# #.##
#.oo## #.>####... #...#
#####..... #.o.# #.....
#...# #.....
.........=# #....)


You could see an orc wizard.

Vanquished Creatures
  Robin (D:2)
  4 adders
  2 worms
  3 dart slugs
  2 leopard geckos
  6 orcs
  5 bats
  2 giant cockroaches
  17 goblins
  5 hobgoblins
  3 jackals (D:2)
  A quokka (D:2)
  A ball python (D:3)
  4 frilled lizards
  4 kobolds
  6 rats
66 creatures vanquished.

Notes
Turn   | Place    | Note
-------+----------+-------------------------------------------
     0 | D:1      | kae the Demonspawn Monk began the quest for the Orb.
     0 | D:1      | Reached XP level 1. HP: 18/18 MP: 1/1
   359 | D:1      | Gained mutation: You have sharp toenails. [demonic ancestry]
   359 | D:1      | Reached XP level 2. HP: 21/24 MP: 2/2
   843 | D:2      | Reached XP level 3. HP: 23/29 MP: 3/3
  1994 | D:2      | Gained mutation: You are immune to rotting. [demonic ancestry]
  1994 | D:2      | Reached XP level 4. HP: 34/37 MP: 4/4
  2135 | D:2      | Noticed Robin
  2145 | D:2      | Killed Robin
  2244 | D:2      | Found a runed door.
  3338 | D:3      | Found a shadowy altar of Dithmenos.
  3365 | D:3      | Found a blossoming altar of Fedhas.
  3429 | D:3      | Gained mutation: You are partially covered in slimy green scales. (AC +2) [demonic ancestry]
  3429 | D:3      | Reached XP level 5. HP: 19/42 MP: 5/5
  3435 | D:3      | Killed from afar by an orc wizard

Skill      XL: |  1  2  3  4 |
---------------+-------------+-----
Unarmed Combat | 3 4 |  4.5
Fighting       | 4 |  4.1
Dodging        | |  2.6
Stealth        | |  1.7

Action                   |  1- 3 |  4- 6 || total
-------------------------+-------+-------++-------
Melee: Club              |    42 |       ||    42
       Unarmed           |     2 |       ||     2
       Punch             |     2 |     3 ||     5
       Whip              |    74 |   121 ||   195
       Kick              |    21 |    33 ||    54
  Use: Scroll            |       |     7 ||     7
 Stab: Sleeping          |     3 |     4 ||     7
  Eat: Chunk             |     3 |     5 ||     8
Armor: Robe              |    27 |     2 ||    29
       Animal skin       |       |    24 ||    24
Dodge: Dodged            |   100 |    68 ||   168
